 Dungeon Crawl Stone Soup version 0.22-a0-280-g69bf1f3 (webtiles) character file.

11254 galech the Grappler (level 11, -4/102 HPs)
             Began as a Troll Monk on Mar 16, 2018.
             Was a High Priest of Okawaru.
             Slain by an orc warrior
             ... wielding a +0 glaive
              (19 damage)
             ... on level 1 of the Orcish Mines.
             The game lasted 00:20:40 (8383 turns).

galech the Grappler (Troll Monk)                    Turns: 8383, Time: 00:20:41

Health: -4/102     AC: 11    Str: 24    XL:     11   Next: 46%
Magic:  10/10      EV: 14    Int:  6    God:    Okawaru [*****.]
Gold:   175        SH:  0    Dex: 12    Spells: 10/10 levels left

rFire    + . .     SeeInvis +     - Unarmed
rCold    . . .     Gourm    +   (no shield)
rNeg     . . .     Faith    .   G - +2 robe {rF+}
rPois    .         Spirit   .   D - +2 hat {SInv}
rElec    .         Reflect  .   p - +0 cloak
rCorr    .         Harm     .   (gloves unavailable)
MR       .....                  (boots unavailable)
Stlth    +++.......             o - amulet of regeneration
HPRegen  1.07/turn              C - +1 ring of protection
MPRegen  0.12/turn              j - ring of stealth

@: no status effects
A: large, unfitting armour, claws 3, fast metabolism 3, gourmand, regeneration
1, shaggy fur 1, tough skin 2
a: Heroism, Finesse, Renounce Religion


You were on level 1 of the Orcish Mines.
You worshipped Okawaru.
Okawaru was extremely pleased with you.
You were very full.

You visited 2 branches of the dungeon, and saw 11 of its levels.
You also visited: Sewer.

You collected 653 gold pieces.
You spent 478 gold pieces at shops.

Inventory:

Hand Weapons
 B - the +6 war axe of Hatred {chop, rElec Dex+2 SInv}
   (You found it on level 7 of the Dungeon)

   It inflicts extra damage upon your enemies.
   It affects your dexterity (+2).
   It insulates you from electricity.
   It lets you see invisible.
 K - the +2 giant spiked club of Painful Death {venom, rF+, unknown}
   (Okawaru gifted it to you on level 9 of the Dungeon)

   It poisons the flesh of those it strikes.
   It protects you from fire.
Armour
 p - a +0 cloak (worn)
 y - a +2 robe of cold resistance
 D - a +2 hat of see invisible (worn)
 G - a +2 robe of fire resistance (worn)
Jewellery
 j - a ring of stealth (right claw)
 o - an amulet of regeneration (around neck)
 C - a +1 ring of protection (left claw)
 E - a +3 ring of intelligence
 F - an uncursed amulet of the acrobat
 H - an uncursed ring of see invisible
Wands
 w - a wand of paralysis (29)
 J - a wand of random effects (17)
Scrolls
 c - 2 scrolls of fear
 d - 5 scrolls of random uselessness
 f - 6 scrolls of noise
 g - 4 scrolls of amnesia
 h - 3 scrolls of blinking
 q - 6 scrolls of remove curse
 r - 4 scrolls of teleportation
 s - 4 scrolls of identify
 x - 2 scrolls of fog
 z - a scroll of magic mapping
 A - 3 scrolls of enchant weapon
Potions
 a - a potion of haste
 e - 3 potions of degeneration
 i - 12 potions of curing {unknown}
 k - 4 potions of flight {unknown}
 l - a potion of mutation
 m - 4 potions of heal wounds
 n - 6 potions of agility
 t - a potion of lignification
 u - 2 potions of brilliance
 v - a potion of might
Comestibles
 b - 24 rations
 I - 3 chunks of flesh


   Skills:
 + Level 5.0 Fighting
 + Level 8.1 Dodging
 - Level 1.1 Stealth
 + Level 14.6 Unarmed Combat


You had 10 spell levels left.
You didn't know any spells.

Dungeon Overview and Level Annotations

Branches:
Dungeon (10/15)            Temple (0/1) D:7            Lair (0/6) D:9
    Orc (1/2) D:10

Altars:
Cheibriados
Dithmenos
Fedhas
Gozag
Okawaru
Ru
Trog
Uskayaw
Xom
Yredelemnul

Shops:
D:4 *   D:6 (   D:7 ?*


Innate Abilities, Weirdness & Mutations

You are too large for most types of armour.
You have claws for hands.
Your metabolism is lightning-fast.
You like to eat raw meat.
Your natural rate of healing is unusually fast.
You are covered in fur. (AC +1)
You have very tough skin. (AC +2)


Message History

You are too injured to fight recklessly!
You are too injured to fight recklessly!
You are too injured to fight recklessly!
You scratch the warg but do no damage. The warg barely misses you.
The orc warrior closely misses you.
You claw the warg!
The warg is moderately wounded.
The warg bites you!
You claw the warg!
The warg is severely wounded.
The orc warrior hits you with a glaive!!
* * * LOW HITPOINT WARNING * * *
The warg bites you.
* * * LOW HITPOINT WARNING * * *
You mangle the warg!!
You kill the warg!
Okawaru accepts your kill.
You completely miss the orc warrior. The orc misses you.
The orc warrior hits you with a glaive!!
You die...

..... #.# ...#
....$##.###....
#....#........
.............
.........#
......##.##
#[oo..$..#
#@..#
......(####
......# ......
#.... .....
.... #$.#


You could see an orc warrior and an orc.

Vanquished Creatures
  6 two-headed ogres
  A gargoyle (D:9)
  Grinder (Sewer)
  2 hippogriffs
  Sigmund (D:2)
  A spriggan (D:8)
  Eustachio (D:4)
  2 wargs (Orc:1)
  Duvessa (D:6)
  A sky beast (D:5)
  A hornet zombie (D:8)
  2 ice beasts (D:6)
  5 ogres
  An orc warrior (D:6)
  2 black bears (D:9)
  2 phantoms
  6 centaurs
  3 big kobolds
  7 bullfrogs
  Dowan (D:6)
  A water moccasin zombie (D:8)
  10 scorpions
  8 wights (D:9)
  11 killer bees
  A howler monkey (D:4)
  2 crimson imps
  A centaur zombie (D:9)
  3 quasits
  A jelly (D:9)
  11 orc wizards
  Crazy Yiuf (D:2)
  10 orc priests
  7 hounds
  6 iguanas
  Terence (D:2)
  8 worker ants
  6 big kobold zombies (Sewer)
  A hound zombie (D:7)
  2 worker ant zombies
  Robin (D:2)
  3 river rats (D:4)
  21 adders
  7 shadow imps
  2 ufetubi (Sewer)
  2 oozes
  An adder skeleton (D:5)
  7 worms
  A dart slug (D:3)
  3 leopard geckos
  37 orcs
  4 giant cockroaches
  7 goblins
  13 hobgoblins
  3 jackals (D:5)
  25 kobolds
  5 quokkas
  A ball python (D:1)
  15 bats
  4 frilled lizards
  A kobold zombie (Sewer)
  A leopard gecko skeleton (D:6)
  26 rats
  A fungus (D:2)
329 creatures vanquished.

Vanquished Creatures (others)
  An ooze (Sewer)
1 creature vanquished.

Grand Total: 330 creatures vanquished

Notes
Turn   | Place    | Note
-------+----------+-------------------------------------------
     0 | D:1      | galech the Troll Monk began the quest for the Orb.
     0 | D:1      | Reached XP level 1. HP: 22/22 MP: 0/0
   141 | D:1      | Reached XP level 2. HP: 29/29 MP: 1/1
   597 | D:2      | Noticed Terence
   609 | D:2      | Killed Terence
   609 | D:2      | Reached XP level 3. HP: 30/36 MP: 2/2
   707 | D:2      | Found an iron altar of Okawaru.
   707 | D:2      | Found a shadowy altar of Dithmenos.
   708 | D:2      | Found an opulent altar of Gozag.
   708 | D:2      | Found a basalt altar of Yredelemnul.
   708 | D:2      | Noticed Sigmund
   726 | D:2      | Killed Sigmund
   726 | D:2      | Reached skill level 5 in Unarmed Combat
   726 | D:2      | Reached XP level 4. HP: 37/45 MP: 3/3
   726 | D:2      | Reached XP level 5. HP: 43/53 MP: 4/4
   750 | D:2      | Became a worshipper of Warmaster Okawaru
   750 | D:2      | Reached * piety under Okawaru
   750 | D:2      | Reached ** piety under Okawaru
   782 | D:2      | Found an opulent altar of Gozag.
  1030 | D:2      | Noticed Robin
  1045 | D:2      | Killed Robin
  1045 | D:2      | Reached XP level 6. HP: 60/61 MP: 5/5
  1128 | D:2      | Found a shimmering altar of Xom.
  1427 | D:2      | Found a runed door.
  1431 | D:2      | Noticed Crazy Yiuf
  1440 | D:2      | Killed Crazy Yiuf
  1675 | D:3      | Reached skill level 6 in Unarmed Combat
  1771 | D:3      | Found a snail-covered altar of Cheibriados.
  2076 | D:4      | Found Tuxt's Assorted Antiques.
  2080 | D:4      | Bought a scroll of identify for 48 gold pieces
  2080 | D:4      | Bought a scroll of identify for 48 gold pieces
  2115 | D:4      | Reached XP level 7. HP: 64/67 MP: 6/6
  2127 | D:4      | Reached skill level 7 in Unarmed Combat
  2129 | D:4      | Noticed Eustachio
  2147 | D:4      | Killed Eustachio
  2188 | D:4      | Reached *** piety under Okawaru
  2242 | D:4      | Found a glowing drain.
  2247 | Sewer    | Entered a sewer
  2377 | Sewer    | Reached XP level 8. HP: 71/75 MP: 7/7
  2383 | Sewer    | Reached skill level 8 in Unarmed Combat
  2400 | Sewer    | Found a burning altar of Makhleb.
  2501 | Sewer    | Noticed Grinder
  2505 | Sewer    | Paralysed by Grinder for 7 turns
  2520 | Sewer    | Killed Grinder
  2520 | Sewer    | Reached **** piety under Okawaru
  2520 | Sewer    | Reached skill level 9 in Unarmed Combat
  2829 | D:4      | Reached skill level 5 in Dodging
  3144 | D:5      | Entered Level 5 of the Dungeon
  3178 | D:5      | Found a sacrificial altar of Ru.
  3390 | D:5      | Reached skill level 10 in Unarmed Combat
  3544 | D:5      | Reached XP level 9. HP: 79/84 MP: 8/8
  4032 | D:6      | Noticed Duvessa
  4046 | D:6      | Noticed Dowan
  4064 | D:6      | Killed Duvessa
  4064 | D:6      | Reached ***** piety under Okawaru
  4077 | D:6      | Killed Dowan
  4128 | D:6      | Reached skill level 11 in Unarmed Combat
  4176 | D:6      | Found a hide-covered altar of Uskayaw.
  4393 | D:6      | Found Kotilyici's Weapon Boutique.
  4511 | D:7      | Found Tyxkabb's Magic Scroll Shop.
  4549 | D:7      | Bought a scroll of magic mapping for 45 gold pieces
  4549 | D:7      | Bought a scroll of teleportation for 39 gold pieces
  4549 | D:7      | Bought a scroll of blinking for 97 gold pieces
  4549 | D:7      | Bought a scroll of teleportation for 39 gold pieces
  4549 | D:7      | Bought a scroll of magic mapping for 45 gold pieces
  4549 | D:7      | Bought a scroll of identify for 26 gold pieces
  4849 | D:7      | Found Pibuesk's General Store.
  5082 | D:7      | Got an ichor-stained war axe
  5083 | D:7      | Identified the +6 war axe of Hatred {chop, rElec Dex+2 SInv} (You found it on level 7 of the Dungeon)
  5216 | D:7      | Found a staircase to the Ecumenical Temple.
  5897 | D:8      | Reached XP level 10. HP: 93/93 MP: 9/9
  5917 | D:8      | Reached skill level 12 in Unarmed Combat
  5948 | D:8      | Received a gift from Okawaru
  6016 | D:8      | Noticed a two-headed ogre
  6023 | D:8      | Killed a two-headed ogre
  6123 | D:8      | Noticed a two-headed ogre
  6135 | D:8      | Killed a two-headed ogre
  6176 | D:8      | Noticed a two-headed ogre
  6234 | D:8      | Killed a two-headed ogre
  6234 | D:8      | Reached skill level 13 in Unarmed Combat
  6446 | D:8      | Noticed a two-headed ogre
  6480 | D:8      | Killed a two-headed ogre
  6727 | D:7      | Bought a potion of heal wounds for 65 gold pieces
  6727 | D:7      | Bought a scroll of identify for 26 gold pieces
  6843 | D:9      | Reached XP level 11. HP: 101/101 MP: 10/10
  6853 | D:9      | Found a staircase to the Lair.
  6868 | D:9      | Received a gift from Okawaru
  7005 | D:9      | Found a bloodstained altar of Trog.
  7055 | D:9      | Noticed a two-headed ogre
  7064 | D:9      | Killed a two-headed ogre
  7064 | D:9      | Reached skill level 14 in Unarmed Combat
  7605 | D:10     | Entered Level 10 of the Dungeon
  7605 | D:10     | Found a staircase to the Orcish Mines.
  7815 | D:10     | Found a blossoming altar of Fedhas.
  7914 | D:10     | Reached skill level 5 in Fighting
  8234 | Orc:1    | Entered Level 1 of the Orcish Mines
  8241 | Orc:1    | Noticed a two-headed ogre
  8360 | D:9      | Killed a two-headed ogre
  8360 | D:9      | Received a gift from Okawaru
  8363 | D:9      | Got an iridescent giant spiked club {god gift}
  8383 | Orc:1    | Slain by an orc warrior

Vault maps used:
D:1:      dpeg_arrival_shelter
D:2:      xom_teletrap_fun, chequers_temple_overflow_statue_of_worship,
          nicolae_gozag_cash_rules_everything_around_me, uniq_robin,
          uniq_terence, uniq_crazy_yiuf_cottage, uniq_sigmund
D:3:      marbit_many_paths, minmay_rat_hole
D:4:      lightli_sewer_entry_pipes, serial_shops, shop_statue,
          grunt_decor_mini_mirrors, uniq_eustachio
D:5:      nicolae_ru_sacrificial_ziggurat, first_ration, serial_bayou_pond_c
D:6:      eat_drink_and_be_merry_uskayaw, serial_shops, kennysheep_mini,
          kennysheep_dice, uniq_duvessa
D:7:      old_forge, temple_green, serial_shops, shop_scrolls, shop,
          minivault_24
D:8:      the_bakery, hangedman_decor_lopped
D:9:      trog_ov_bears_minmay, lair_entry_dummy
D:10:     orc_0_dummy, basic_altar, minmay_tree_intersection,
          minmay_misc_feat_alley, minmay_holes
Orc:1:    basic_altar, nicolae_volcano_entry_batcave, kennysheep_orc_chapel
Sewer:    kennysheep_sewer_church

Skill      XL: |  1  2  3  4  5  6  7  8  9 10 11 |
---------------+----------------------------------+-----
Fighting       | 3 4 5 |  5.0
Dodging        | 3 4 5 6 7 8 |  8.1
Unarmed Combat | 5 6 7 10 11 13 14 | 14.6
Stealth        | |  1.1

Action                   |  1- 3 |  4- 6 |  7- 9 | 10-12 || total
-------------------------+-------+-------+-------+-------++-------
Melee: Unarmed           |    76 |   153 |   376 |   281 ||   886
       Punch             |       |     3 |    12 |    14 ||    29
Invok: Heroism           |       |       |       |     1 ||     1
  Use: Scroll            |       |     3 |     2 |    13 ||    18
 Stab: Sleeping          |     1 |       |     6 |     9 ||    16
  Eat: Chunk             |    12 |    13 |    32 |    25 ||    82
Armor: Robe              |    22 |    44 |   127 |    94 ||   287
Dodge: Dodged            |    36 |    69 |   208 |   215 ||   528

Table legend:
 A = Spawn XP
 B = Non-spawn XP
 C = Spawn XP percentage of total XP
 D = Spawn monster count
 E = Non-spawn monster count
 F = Spawn count percentage of total count
 G = Total turns spent on level
                    A         B        C        D         E        F      G
               +---------+---------+-------+---------+---------+-------+---------
         Total |       0 |   16078 |   0.0 |       0 |     328 |   0.0 |  8383
               +---------+---------+-------+---------+---------+-------+---------
           D:1 |       0 |      30 |   0.0 |       0 |      18 |   0.0 |   593
           D:2 |       0 |     420 |   0.0 |       0 |      31 |   0.0 |   937
           D:3 |       0 |     203 |   0.0 |       0 |      40 |   0.0 |   540
           D:4 |       0 |     835 |   0.0 |       0 |      28 |   0.0 |   605
           D:5 |       0 |     623 |   0.0 |       0 |      15 |   0.0 |   653
           D:6 |       0 |    1158 |   0.0 |       0 |      22 |   0.0 |   696
           D:7 |       0 |    1448 |   0.0 |       0 |      37 |   0.0 |  1464
           D:8 |       0 |    5157 |   0.0 |       0 |      31 |   0.0 |   844
           D:9 |       0 |    4278 |   0.0 |       0 |      37 |   0.0 |   875
          D:10 |       0 |     787 |   0.0 |       0 |      26 |   0.0 |   690
         Orc:1 |       0 |     337 |   0.0 |       0 |       4 |   0.0 |    17
         Sewer |       0 |     802 |   0.0 |       0 |      39 |   0.0 |   469
               +---------+---------+-------+---------+---------+-------+---------
